 Dungeon Crawl Stone Soup version 0.25.1-2-g60ff931df9 (webtiles) character file.

Game seed: 2762443114284584383

14571 ArchParadox the Destroyer (level 11, 0/69 HPs)
             Began as a Deep Elf Conjurer on Oct 18, 2020.
             Was a High Priest of Vehumet.
             Hit by a large rock thrown by a cyclops (25 damage)
             ... on level 12 of the Dungeon.
             The game lasted 01:17:10 (16735 turns).

ArchParadox the Destroyer (Deep Elf Conjurer)      Turns: 16735, Time: 01:17:11

Health: 0/69       AC: 10    Str: 14    XL:     11   Next: 90%
Magic:  29/33      EV: 15    Int: 21    God:    Vehumet [*****.]
Gold:   467        SH:  5    Dex: 15    Spells: 4/24 levels left

rFire    . . .     SeeInvis .   a - +6 scimitar
rCold    . . .     Gourm    .   (no shield)
rNeg     . . .     Faith    .   N - +2 steam dragon scales
rPois    .         Spirit   .   Q - +1 helmet
rElec    .         Reflect  +   w - +0 cloak
rCorr    .         Harm     .   (no gloves)
MR       +....                  (no boots)
Stlth    +++.......             f - amulet of reflection
HPRegen  0.21/turn              t - +6 ring of strength
MPRegen  0.23/turn              H - ring of magical power

@: no status effects
A: no striking features
a: Renounce Religion


You were on level 12 of the Dungeon.
You worshipped Vehumet.
Vehumet was extremely pleased with you.
You were not hungry.

You visited 2 branches of the dungeon, and saw 13 of its levels.

You collected 605 gold pieces.
You spent 138 gold pieces at shops.

Inventory:

Hand Weapons
 a - a +6 scimitar (weapon)
 b - the +8 short sword "Ycraohocw" {antimagic, rElec}
   (You found it on level 5 of the Dungeon)

   It reduces the magical energy of the wielder, and disrupts the spells and
   magical abilities of those hit.
   Natural abilities and divine invocations are not affected.
   It insulates you from electricity.
Missiles
 d - 399 stones (quivered)
 V - 26 poisoned darts
Armour
 w - a +0 cloak (worn)
 N - +2 steam dragon scales (worn)
 Q - a +1 helmet (worn)
Jewellery
 f - an amulet of reflection (around neck)
 q - an uncursed ring of wizardry {unknown}
 t - a +6 ring of strength (left hand)
 C - a +4 ring of slaying
 F - an uncursed amulet of magic regeneration
 H - a ring of magical power (right hand)
 K - an uncursed ring of magical power
 X - a +4 ring of evasion {unknown}
 Y - the amulet of the Sneaky Lives {RegenMP rElec rC+, unknown}
   (You found it on level 11 of the Dungeon)

   [amulet of magic regeneration]

   It increases your magic regeneration.
   It protects you from cold.
   It insulates you from electricity.
Wands
 L - a wand of clouds (6)
 T - a wand of disintegration (16)
 Z - a wand of digging (7)
Scrolls
 e - 9 scrolls of remove curse
 i - a scroll of noise {unknown}
 m - 2 scrolls of fear {unknown}
 n - a scroll of acquirement {unknown}
 s - a scroll of enchant weapon
 y - 2 scrolls of fog {unknown}
 A - a scroll of random uselessness {unknown}
 B - a scroll of blinking {unknown}
 I - a scroll of summoning {unknown}
 R - a scroll of amnesia {unknown}
Potions
 g - a potion of haste {unknown}
 h - a potion of cancellation {unknown}
 j - a potion of stabbing
 k - a potion of magic
 l - a potion of mutation {unknown}
 o - a potion of ambrosia {unknown}
 p - a potion of degeneration {unknown}
 r - 3 potions of lignification
 u - 2 potions of might {unknown}
 v - a potion of berserk rage {unknown}
 x - 6 potions of brilliance
 J - 2 potions of flight
Miscellaneous
 D - a lightning rod (4/4)
Comestibles
 c - 25 rations
 z - a chunk of flesh


   Skills:
 + Level 8.5 Fighting
 - Level 4.0(6.3) Short Blades
 + Level 6.9(7.3) Long Blades
 + Level 2.4 Armour
 - Level 5.0 Dodging
 + Level 4.8 Stealth
 + Level 7.3 Spellcasting
 + Level 11.7 Conjurations
 - Level 8.0 Hexes


You had 4 spell levels left.
You knew the following spells:

 Your Spells              Type           Power        Failure   Level  Hunger
a - Magic Dart            Conj           ####         1%          1    None
b - Searing Ray           Conj           ######       1%          2    None
c - Fulminant Prism       Conj/Hex       #####.....   1%          4    ###....
d - Iskenderun's Mystic   Conj/Tloc      ####....     2%          4    ###....
e - Iskenderun's Battles  Conj/Chrm      ####....     6%          5    #####..
f - Hailstorm             Conj/Ice       ####....     2%          4    ###....

Your spell library contained the following spells:

 Spells                   Type           Power        Failure   Level  Hunger
 Dazzling Flash           Conj/Hex       #####.       1%          3    None
 Bolt of Magma            Conj/Fire/Erth ###.......   13%         5    #####..
 Eringya's Noxious Bog    Tmut/Pois      #.........   100%        6    ######.


Dungeon Overview and Level Annotations

Branches:
Dungeon (12/15)            Temple (1/1) D:7            Lair (0/6) D:11
    Orc: D:9-12

Altars:
Ashenzari
Cheibriados
Dithmenos
Elyvilon
Fedhas
Gozag
Hepliaklqana
Kikubaaqudgha
Makhleb
Nemelex Xobeh
Okawaru
Qazlal
Ru
Sif Muna
Trog
Uskayaw
Vehumet
Wu Jian
Xom
Yredelemnul
Zin
The Shining One

Shops:
D:10 (

Annotations:
D:7 1 exclusion


Message History

Casting: Magic Dart (safe; 1% risk of failure)
Confirm with . or Enter, or press ? or * to list all spells.
Aiming: Searing Ray (safe; 1% risk of failure)
Press: ? - help, Shift-Dir - straight line, f - cyclops
Aim: a cyclops, quivering 4 large rocks (asleep)
The searing ray hits the cyclops!
The cyclops is moderately wounded. (Press . to maintain the ray.)
The cyclops throws a large rock.
The large rock hits you.
The searing ray hits the cyclops!
The cyclops is severely wounded.
The searing ray hits the cyclops.
The cyclops is severely wounded.
The cyclops throws a large rock.
The large rock hits you!!!
Ouch! That really hurt!
The searing ray hits the cyclops!
The cyclops is almost dead.
You finish channeling your searing ray.
The cyclops throws a large rock.
The large rock hits you!!
You die...

.#......#...># .#......'....+ #
.#......#....# # .#.######....# #
##.########### # # #...#....# C#
######## #...#....# .. #.......
########'#########'#######.......
...........[....@...........####.
#.......#.......####........####.
#..##...........# ##...##........
^........................<.......
#################################


You could see a cyclops.

Vanquished Creatures
  A wizard (D:11)
  An ugly thing (D:12)
  An oklob plant (D:11)
  A cyclops (D:12)
  A manticore (D:11)
  Maggie (D:7)
  A gargoyle (D:11)
  2 tengu conjurers (D:10)
  A troll (D:9)
  5 hippogriffs
  A wraith (D:10)
  4 large abominations (D:11)
  3 wyverns
  Grum (D:10)
  11 yaks
  A steam dragon (D:11)
  7 small abominations (D:11)
  An acid dragon (D:12)
  An ice beast (D:10)
  3 phantoms
  3 orc warriors
  A necrophage (D:7)
  4 sky beasts
  A black bear (D:10)
  4 wolves (D:10)
  3 centaurs
  6 ogres
  A crocodile (D:11)
  2 big kobolds (D:10)
  12 bullfrogs
  6 scorpions
  A wyvern skeleton (D:10)
  5 killer bees (D:11)
  12 wights
  3 electric eels (D:8)
  6 howler monkeys
  A centaur zombie (D:6)
  5 crimson imps
  2 bullfrog zombies
  A quasit (D:7)
  4 hounds
  5 jellies
  3 bullfrog skeletons
  2 gnoll shamans
  5 orc priests
  2 centaur skeletons
  14 orc wizards
  Jessica (D:3)
  10 worker ants
  14 adders
  8 gnolls
  5 shadow imps
  7 oozes
  2 adder zombies (D:9)
  3 adder skeletons
  3 worms
  A dart slug (D:2)
  2 leopard geckos
  43 orcs
  7 giant cockroaches
  4 goblins
  6 hobgoblins
  17 jackals
  8 quokkas
  4 bats
  A jackal skeleton (D:7)
  18 kobolds
  2 leopard gecko skeletons
  9 rats
  2 plants
339 creatures vanquished.

Vanquished Creatures (others)
  39 fulminant prisms
  A plant (D:11)
40 creatures vanquished.

Grand Total: 379 creatures vanquished

Notes
Turn   | Place    | Note
-------+----------+-------------------------------------------
     0 | D:1      | ArchParadox the Deep Elf Conjurer began the quest for the
                  | Orb.
     0 | D:1      | Reached XP level 1. HP: 10/10 MP: 6/6
   204 | D:1      | Reached XP level 2. HP: 16/16 MP: 0/8
  1205 | D:1      | Reached XP level 3. HP: 17/20 MP: 0/10
  1498 | D:2      | Reached skill level 1 in Fighting
  1541 | D:2      | Learned a level 2 spell: Searing Ray
  1879 | D:2      | Reached XP level 4. HP: 25/25 MP: 6/12
  2057 | D:2      | Reached skill level 5 in Spellcasting
  2230 | D:2      | Found a sparkling altar of Nemelex Xobeh.
  2286 | D:2      | Reached skill level 5 in Conjurations
  2696 | D:3      | Noticed Jessica
  2699 | D:3      | Killed Jessica
  2699 | D:3      | Reached XP level 5. HP: 30/30 MP: 11/15
  3335 | D:4      | Noticed an ogre
  3342 | D:4      | Killed an ogre
  3452 | D:4      | Learned a level 4 spell: Fulminant Prism
  3492 | D:4      | Reached skill level 1 in Hexes
  3492 | D:4      | Reached XP level 6. HP: 35/35 MP: 9/17
  3830 | D:4      | Found a radiant altar of Vehumet.
  3840 | D:4      | Became a worshipper of Vehumet
  4190 | D:5      | Entered Level 5 of the Dungeon
  4232 | D:5      | Got a polished short sword
  4232 | D:5      | Identified the +8 short sword "Ycraohocw" {antimagic,
                  | rElec} (You found it on level 5 of the Dungeon)
  4260 | D:5      | Found a stormy altar of Qazlal.
  4412 | D:5      | Found an opulent altar of Gozag.
  4412 | D:5      | Found a shimmering blue altar of Sif Muna.
  4419 | D:5      | Found a white marble altar of Elyvilon.
  4419 | D:5      | Found a shattered altar of Ashenzari.
  4419 | D:5      | Found a sparkling altar of Nemelex Xobeh.
  4420 | D:5      | Found a sacrificial altar of Ru.
  4421 | D:5      | Found a snail-covered altar of Cheibriados.
  4422 | D:5      | Found an ornate altar of the Wu Jian Council.
  4423 | D:5      | Found a blossoming altar of Fedhas.
  4424 | D:5      | Found a shimmering altar of Xom.
  4662 | D:5      | Found an opulent altar of Gozag.
  4866 | D:5      | Reached skill level 6 in Conjurations
  4977 | D:5      | Reached XP level 7. HP: 33/40 MP: 13/18
  5744 | D:6      | Reached skill level 5 in Hexes
  6270 | D:6      | Reached XP level 8. HP: 18/48 MP: 13/19
  6276 | D:6      | Reached * piety under Vehumet
  6276 | D:6      | Offered knowledge of Foxfire by Vehumet.
  6490 | D:6      | Reached skill level 7 in Conjurations
  6851 | D:7      | Reached skill level 1 in Short Blades
  6959 | D:7      | Noticed a hippogriff
  6962 | D:7      | Noticed Maggie
  7454 | D:7      | Killed a hippogriff
  7540 | D:7      | Killed Maggie
  7540 | D:7      | Reached skill level 5 in Fighting
  7540 | D:7      | Reached skill level 8 in Conjurations
  7540 | D:7      | Reached XP level 9. HP: 18/54 MP: 7/20
  7897 | D:7      | Found a staircase to the Ecumenical Temple.
  7944 | Temple   | Entered the Ecumenical Temple
  8454 | D:8      | Reached ** piety under Vehumet
  8454 | D:8      | Offered knowledge of Shock by Vehumet.
  8802 | D:8      | Reached skill level 1 in Long Blades
  9589 | D:8      | Reached skill level 9 in Conjurations
  9933 | D:9      | Noticed a troll
  9940 | D:9      | Killed a troll
 10351 | D:9      | Reached XP level 10. HP: 61/61 MP: 4/21
 10984 | D:9      | Offered knowledge of Mephitic Cloud by Vehumet.
 11409 | D:10     | Entered Level 10 of the Dungeon
 11452 | D:10     | Reached skill level 10 in Conjurations
 11456 | D:10     | Reached *** piety under Vehumet
 11997 | D:10     | Offered knowledge of Static Discharge by Vehumet.
 12058 | D:10     | Found Wucvaot's Antique Weapon Emporium.
 12077 | D:10     | Bought a glowing falchion for 138 gold pieces
 12125 | D:10     | Noticed Grum
 12135 | D:10     | Killed Grum
 12247 | D:10     | Reached skill level 5 in Long Blades
 12293 | D:10     | Learned a level 4 spell: Iskenderun's Mystic Blast
 12440 | D:10     | Reached **** piety under Vehumet
 12563 | D:10     | Reached skill level 5 in Dodging
 12722 | D:11     | Reached XP level 11. HP: 67/67 MP: 13/22
 12779 | D:11     | Offered knowledge of Iskenderun's Battlesphere by Vehumet.
 12976 | D:11     | Reached skill level 11 in Conjurations
 13150 | D:11     | Found a staircase to the Lair.
 13152 | D:11     | Noticed an oklob plant
 13181 | D:11     | Killed an oklob plant
 14437 | D:11     | Noticed a wizard
 14442 | D:11     | Killed a wizard
 14442 | D:11     | Reached skill level 1 in Armour
 15059 | D:11     | Learned a level 5 spell: Iskenderun's Battlesphere
 15167 | D:11     | Got an ancient zirconium amulet
 15172 | D:11     | Identified the Compendium of Conjuration and Intoxication
 15327 | D:11     | Learned a level 4 spell: Hailstorm
 15546 | D:12     | Noticed a two-headed ogre
 15900 | D:12     | Noticed a cyan ugly thing
 16381 | D:12     | Killed a cyan ugly thing
 16600 | D:12     | Reached ***** piety under Vehumet
 16735 | D:12     | Hit by a large rock thrown by a cyclops

Illustrated notes

Levels and vault maps discovered:
D:1:      dpeg_arrival_prison, layout_basic, minmay_pentomino_u2
D:2:      layout_basic, serial_forest, infiniplex_forest_lined_3_way,
          infiniplex_forest_diagonal, infiniplex_forest_side_room,
          infiniplex_forest_corner_2, infiniplex_forest_straight_2,
          infiniplex_forest_lined_room_2, infiniplex_forest_clump_cross,
          infiniplex_forest_zigzag_1, infiniplex_forest_lined_corner,
          nemelex_dance_club_becter
D:3:      layout_loops_cross, first_ration, uniq_jessica
D:4:      layout_basic, lemuel_doored_altar, minmay_liquid_box
D:5:      layout_basic, lemuel_crystal_altar, minitemple, basic_altar,
          grunt_decor_mini_mirrors
D:6:      layout_cave_pools, kennysheep_generic_room_9
D:7:      cheibrodos_helix_gallery, layout_loops_cross,
          minmay_temple_entry_mist, uniq_maggie
D:8:      layout_basic, serial_bayou, serial_bayou_shore_a, serial_bayou_pond_d,
          serial_bayou_lagoon_a, serial_bayou_crossing, serial_bayou_pond_e,
          hangedman_little_slice_of_home
D:9:      layout_stronghold
D:10:     layout_roguey, serial_shops, nicolae_shop_crystal, uniq_grum
D:11:     minmay_thinvault, layout_cross, dpeg_oklobed_lair, laboratory
D:12:     layout_stronghold, orc_0_dummy, serial_shops, kennysheep_mini,
          lemuel_blue_sif_altar
Temple:   zaba_magenta_temple

Skill      XL: |  1  2  3  4  5  6  7  8  9 10 11 |
---------------+----------------------------------+-----
Spellcasting   | 4 5 6 7 |  7.3
Fighting       | 1 2 3 5 6 7 8 |  8.5
Conjurations   | 5 6 8 9 10 11 | 11.7
Hexes          | 1 4 6 7 8 |  8.0
Short Blades   | 3 4 |  4.0
Long Blades    | 3 5 6 |  6.9
Dodging        | 5 |  5.0
Stealth        | 4 |  4.8
Armour         | 2 |  2.4

Action                   |  1- 3 |  4- 6 |  7- 9 | 10-12 || total
-------------------------+-------+-------+-------+-------++-------
Melee: Short sword       |       |     1 |       |       ||     1
       Scimitar          |       |       |    17 |    16 ||    33
 Cast: Magic Dart        |    79 |   140 |   227 |   208 ||   654
       Searing Ray       |       |     6 |    37 |    74 ||   117
       Fulminant Prism   |       |       |     9 |    31 ||    40
       Iskenderun's Myst |       |       |       |    25 ||    25
       Iskenderun's Batt |       |       |       |     2 ||     2
       Hailstorm         |       |       |       |     2 ||     2
Evoke: Wand              |       |     3 |     7 |     1 ||    11
  Use: Scroll            |       |     3 |     9 |     3 ||    15
       Potion            |       |       |     7 |       ||     7
  Eat: Chunk             |     3 |     9 |    17 |    21 ||    50
       Ration            |       |       |       |     2 ||     2
Armor: Robe              |     2 |       |       |       ||     2
       Leather armour    |       |     3 |     8 |       ||    11
       Steam dragon scal |       |       |    18 |    44 ||    62
Dodge: Dodged            |    17 |    12 |    72 |    94 ||   195
Block: Other             |       |       |       |    34 ||    34
       Reflection        |       |       |       |     3 ||     3
       Rpst.: Scimitar   |       |       |    10 |    26 ||    36
